AoeStats
← Master Zio

Hideout

509774503Analyzed
1v1 RM · 3d ago on Sep 28, 2026· 95m 47s· 2 players
Game mode
Random Map
Map size
Tiny (2 player)
Population
200
Speed
Normal
Resources
Standard
Victory
Conquest
Starting age
Dark Age
Ending age
Imperial Age
RankedLock teamsTeams togetherTeam positionsShared explorationLock speedFull tech treeHidden civsTurbo modeCheats
Victory
Defeat
🇦🇷 Vietnamese · Argentina
936
+14
🇧🇷 Franks · Brazil
895
-14
PaÇoCa ----->
1:40 Loom
10:36 Feudal Age
12:02 Man-at-Arms
14:54 Arson
15:25 Scale Mail Armor
22:13 Castle Age
20:21 Scale Barding Armor
20:06 Double-Bit Axe
21:20 Gold Mining
22:12 Forging
21:53 Fletching
22:14 Stone Mining
22:58 Husbandry
24:12 Wheelbarrow
23:23 Town Watch
25:30 Gold Shaft Mining
26:08 Bow Saw
28:04 Hand Cart
29:58 Chain Barding Armor
33:52 Iron Casting
34:35 Bodkin Arrow
38:15 Imperial Age
36:05 Masonry
36:16 Ballistics
35:52 Murder Holes
40:01 Plate Barding Armor
38:47 Cavalier
38:53 Capped Ram
45:09 Town Patrol
46:06 Elite Throwing Axeman
48:25 Paladin
56:12 Chemistry
55:43 Architecture
55:46 Chivalry
56:09 Conscription
55:48 Herbal Medicine
58:53 Blast Furnace
66:52 Chain Mail Armor
71:27 Coinage
70:58 Caravan
72:42 Plate Mail Armor
75:01 Banking
78:06 Padded Archer Armor
85:44 Heavy Scorpion
Master Zio
1:36 Loom
11:27 Feudal Age
16:03 Castle Age
14:28 Double-Bit Axe
18:38 Padded Archer Armor
24:02 Wheelbarrow
23:36 Horse Collar
24:50 Bow Saw
25:58 Heavy Plow
30:53 Imperial Age
28:24 Stone Mining
30:57 Stone Shaft Mining
31:18 Gold Mining
31:47 Hand Cart
36:23 Two-Man Saw
35:26 Scale Mail Armor
39:01 Leather Archer Armor
38:36 Fletching
39:02 Chain Mail Armor
38:41 Town Watch
40:20 Paper Money
42:22 Crop Rotation
42:20 Onager
44:44 Chemistry
43:55 Fortified Wall
44:54 Plate Mail Armor
45:51 Town Patrol
47:50 Elite Fire Lancer
48:19 Elite Skirmisher
49:51 Ring Archer Armor
49:16 Bodkin Arrow
50:14 Imperial Skirmisher
53:21 Bracer
54:35 Ballistics
55:07 Husbandry
55:17 Bloodlines
54:28 Light Cavalry
57:36 Squires
56:57 Pikeman
57:28 Halberdier
71:32 Bombard Tower
71:58 Elite Rattan Archer
85:52 Block Printing
Connection lost

Rejoining the realm…

Still unreachable

The connection could not be restored.

Session expired

The server has moved on; the page needs a fresh start.